 Dungeon Crawl Stone Soup version 0.27.1-1-g398f81649c (webtiles) character file.

Game seed: 5650064290058550017

1611721 AttackTheMoon the Slayer (level 27, 266/266 HPs)
             Began as a Minotaur Berserker on Sept 4, 2021.
             Was a High Priest of Trog.
             Escaped with the Orb
             ... and 3 runes on Sept 5, 2021!
             The game lasted 05:39:52 (81671 turns).

AttackTheMoon the Slayer (Minotaur Berserker)      Turns: 81671, Time: 05:39:53

Health: 266/266    AC: 49    Str: 34      XL:     27
Magic:  22/22      EV: 15    Int:  4 (6)  God:    Trog [*****.]
Gold:   4669       SH: 40    Dex:  7 (9)  Spells: 26/26 levels left

rFire    + + .     SeeInvis .   A - +9 broad axe (vorpal)
rCold    + + .     Faith    .   O - +8 tower shield {rC+}
rNeg     + + .     Spirit   .   i - +15 Maxwell's patent armour {-Cast -Tele rElec Will+ rCorr}
rPois    +         Reflect  +   s - +2 hat
rElec    +         Harm     .   c - +2 ratskin cloak {*Rats rPois rN+ Str-1 Int-1 Dex+1}
rCorr    +         Rampage  .   T - +3 pair of gauntlets of War {Slay+5}
Will     ++++.     Rnd*Rage +   Y - +0 pair of boots of Umaxifey {rF+ rC+ Str+7 Slay+3} Stlth ..........NoTele +
                                y - amulet of reflection
HPRegen  0.54/turn NoCast   +   l - ring of protection from fire
MPRegen  0.18/turn              w - ring "Nialetelaf" {rN+ Will+}

@: studying Staves
A: horns 2, retaliatory headbutt, talons 1, berserk 2, clumsy 2, deterioration
1, mutation resistance 1, teleportitis 1, weak 1
0: Orb of Zot
}: 3/15 runes: decaying, silver, gossamer
a: Renounce Religion, Berserk, Trog's Hand, Brothers in Arms


You escaped.
You worshipped Trog.
Trog was extremely pleased with you.
You visited 10 branches of the dungeon, and saw 51 of its levels.
You visited the Abyss 1 time.
You visited 2 bazaars.
You also visited: Sewer, Gauntlet and Ice Cave.

You collected 10326 gold pieces.
You spent 5657 gold pieces at shops.

Inventory:

Hand Weapons
 A - a +9 vorpal broad axe (weapon)
Armour
 c - the +2 ratskin cloak (worn) {*Rats rPois rN+ Str-1 Int-1 Dex+1}
   (You found it in a Gauntlet)

   When the wearer is hurt, rats may emerge from it to assist them.
   Str:       It affects your strength (-1).
   Int:       It affects your intelligence (-1).
   Dex:       It affects your dexterity (+1).
   rPois:     It protects you from poison.
   rN:        It protects you from negative energy.
 i - the +15 Maxwell's patent armour (worn) {-Cast -Tele rElec Will+ rCorr}
   (You bought it in a shop on level 3 of the Depths)

   rElec:     It insulates you from electricity.
   -Cast:     It prevents spellcasting.
   -Tele:     It prevents most forms of teleportation.
   rCorr:     It protects you from acid and corrosion.
   Will:      It increases your willpower.
 s - a +2 hat (worn)
 O - a +8 tower shield of cold resistance (worn)
 T - the +3 pair of gauntlets of War (worn) {Slay+5}
   (You bought it in a shop on level 4 of the Dungeon)

   Slay:      It affects your accuracy & damage with ranged weapons and melee
   (+5).
 Y - the +0 pair of boots of Umaxifey (worn) {rF+ rC+ Str+7 Slay+3}
   (You found it on level 1 of the Vaults)

   Str:       It affects your strength (+7).
   Slay:      It affects your accuracy & damage with ranged weapons and melee
   (+3).
   rF:        It protects you from fire.
   rC:        It protects you from cold.
Jewellery
 a - a ring of see invisible
 h - a ring of protection from cold
 j - the amulet "Gufuub" {Regen+ rCorr}
   (You took it off a vault warden on level 5 of the Vaults)

   [amulet of regeneration]

   Regen:     It increases your rate of health regeneration.
   rCorr:     It protects you from acid and corrosion.
 l - a ring of protection from fire (left hand)
 o - the ring "Guoczokk" {Fire Int+3 Dex+4}
   (You found it in an ice cave)

   [ring of fire]

   It enhances your fire magic.
   Int:       It affects your intelligence (+3).
   Dex:       It affects your dexterity (+4).
   rF:        It protects you from fire.
   rC:        It makes you vulnerable to cold.
 w - the ring "Nialetelaf" (right hand) {rN+ Will+}
   (You found it on level 1 of the Vaults)

   [ring of willpower]

   rN:        It protects you from negative energy.
   Will:      It increases your willpower.
 y - an amulet of reflection (around neck)
 E - a ring of willpower
 F - a ring of flight
 H - a ring of protection from cold
 Q - the ring "Nevug" {rF- rC- rN+ Str+7 Dex+2}
   (You found it in an ice cave)

   [ring of positive energy]

   Str:       It affects your strength (+7).
   Dex:       It affects your dexterity (+2).
   rF:        It makes you vulnerable to fire.
   rC:        It makes you vulnerable to cold.
   rN:        It protects you from negative energy.
 V - a ring of resist corrosion
Wands
 f - a wand of polymorph (18)
 B - a wand of mindburst (3)
 D - a wand of flame (65)
 G - a wand of charming (12)
 J - a wand of paralysis (4)
 K - a wand of acid (7)
 S - a wand of digging (13)
Scrolls
 d - 7 scrolls of enchant armour
 k - 5 scrolls of magic mapping
 n - a scroll of silence
 t - 21 scrolls of teleportation
 u - 10 scrolls of fog
 z - 3 scrolls of brand weapon
 C - 14 scrolls of identify
 N - 4 scrolls of fear
 P - 2 scrolls of holy word
 Z - a scroll of enchant weapon
Potions
 b - 7 potions of ambrosia
 e - a potion of resistance
 g - 5 potions of flight
 p - 3 potions of mutation
 q - 4 potions of haste
 r - 24 potions of curing
 v - 10 potions of magic
 x - 2 potions of invisibility
 I - 6 potions of cancellation
 U - 5 potions of might
 X - 2 potions of berserk rage
Miscellaneous
 m - a phial of floods (quivered)
 L - a phantom mirror
 M - a condenser vane
 R - a lightning rod (4/4)
 W - a tin of tremorstones (2/2)


   Skills:
 + Level 25.4 Fighting
 - Level 18.0 Axes
 + Level 25.4 Armour
 + Level 24.6 Dodging
 + Level 25.4 Shields
 - Level 15.0 Evocations


You had 26 spell levels left.
You didn't know any spells.
Your spell library was empty.

Dungeon Overview and Level Annotations

Branches:
Dungeon (15/15)            Temple (0/1) D:7            Lair (6/6) D:11
  Swamp (4/4) Lair:2       Spider (4/4) Lair:4        Slime (2/5) Lair:5
    Orc (2/2) D:10            Elf (3/3) Orc:2        Vaults (5/5) D:14
  Crypt (0/3) Vaults:2     Depths (5/5) D:15            Zot (5/5) Depths:5
  Sewer (visited)           IceCv (visited)         Gauntlet (visited)

Altars:
Dithmenos
Elyvilon
Fedhas
Gozag
Kikubaaqudgha
Makhleb
Okawaru
Sif Muna
Trog
Uskayaw
Vehumet
Wu Jian
Yredelemnul
Zin
The Shining One
Beogh
Jiyva

Shops:
D:1 ?   D:4 [   D:13 [   Orc:2 ?*:([=**?   Elf:2 [   Vaults:3 ?
Vaults:4 :!*[[   Depths:1 :*!   Depths:3 [

Portals:
Hell: Depths:1 Depths:2 Depths:3 Depths:4 Depths:5
Abyss: Depths:4
Pandemonium: Depths:3 Depths:5
Ziggurat: Depths:1

Annotations:
D:3 exclusion: statue
Orc:1 exclusion: oklob plant
Zot:2 3 runed translucent doors, Goitinis's ghost, veteran DgFi; Heoriaro's ghost, legendary GnFi; Sofait's ghost, legendary GnFE; jayjay249's ghost, veteran DECj


Innate Abilities, Weirdness & Mutations

You have a pair of horns on your head.
You reflexively headbutt those who attack you in melee.
You have sharp toenails.
You often lose your temper in combat.
You are very clumsy. (Dex -4)
Your body sometimes deteriorates upon taking damage.
You are somewhat resistant to further mutation.
You are occasionally teleported next to monsters.
You are weak. (Str -2)


Message History

There is a stone staircase leading up here.
You climb upwards.
There is a stone staircase leading down here.
There is a burning altar of Makhleb here.
An ice devil comes into view.
There is a stone staircase leading up here.
There is a stone staircase leading up here.
You climb upwards.
There is a stone staircase leading down here.
Things that are here:
4 stones; a +0 dagger
There is an open door here.
There is an open door here.
There is an open door here.
A Hell Sentinel comes into view.
The Hell Sentinel roars!
You block the Hell Sentinel's attack. x2
You slice the Hell Sentinel!!
The Hell Sentinel is moderately wounded.
You block the Hell Sentinel's attack. x2
You slice the Hell Sentinel!! You headbutt the Hell Sentinel!
The Hell Sentinel is heavily wounded.
You block the Hell Sentinel's attack. x2
You slash the Hell Sentinel! You headbutt the Hell Sentinel.
The Hell Sentinel is severely wounded.
You slash the Hell Sentinel! You headbutt the Hell Sentinel.
The Hell Sentinel is severely wounded.
You block the Hell Sentinel's attack. The Hell Sentinel closely misses you.
You slice the Hell Sentinel like a ripe choko!!!
You kill the Hell Sentinel!
Trog accepts your kill.
There is an open door here.
There is an open door here.
There is an open door here.
There is an open door here.
There is an open door here.
There is an open door here.
There is a staircase leading out of the dungeon here.
You can't go down here!
You have escaped!

.### #.##############.# .#
#.#.....'......#.# .#
#.#.##########.#.# .#
#.#.#...'....#.#.# .#
#.#.#.######.#.#.# .#
#.#.#.#>'..#.#.#.#
.########'#'#'####.#.#.#.#
........#.#.#..###'#'#'#'#
#######.#.#.#..'@#.#.#.#.#
#.#.#.######.#.#.#.#
#.#.#....'...#.#.#.#
#.#.##########.#.#.#
#.#......'.....#.#.#
#.##############.#.#
#........'.......#.#
#..#####.#########.#
#........'.........#


There were no monsters in sight!

Vanquished Creatures
  Tiamat (Zot:1)
  4 ancient liches
  4 dread liches
  8 orbs of fire
  Mara (Vaults:2)
  Mennas (Vaults:4)
  A juggernaut (Depths:5)
  The ghost of Fubom the Hill Orc Catastrophe, a veteran HOEn of Qazlal (Vaults:1)
  Bai Suzhen (Vaults:4)
  2 Killer Klowns (Zot:5)
  Margery (Vaults:3)
  A curse toe (Zot:2)
  14 golden dragons
  A profane servitor (Depths:2)
  The ghost of Pikuto the Slayer, an adept MiBe of Trog (Depths:5)
  A bone dragon (Depths:5)
  2 electric golems (Zot:5)
  13 tentacled monstrosities
  A Hell Sentinel (D:1)
  26 Orb Guardians (Zot:5)
  7 titans
  10 liches
  2 deep elf blademasters (Elf:3)
  2 deep elf master archers (Elf:3)
  4 acid blobs
  2 quicksilver dragons
  5 sphinxes
  5 death cobs
  Kirke (Swamp:1)
  A thorn hunter (Swamp:1)
  11 tengu reavers
  7 shadow dragons
  6 draconian monks
  2 azure jellies (Slime:1)
  17 storm dragons
  Donald (Swamp:2)
  2 rockslimes
  4 iron dragons
  19 frost giants
  7 draconian knights
  6 deep elf sorcerers
  8 fire giants
  17 vault wardens
  3 ghost moths
  An emperor scorpion (Spider:4)
  4 orc warlords
  Aizul (Spider:1)
  A balrug (Depths:5)
  5 draconian stormcallers
  10 draconian scorchers
  25 very ugly things
  3 deep elf elementalists
  2 draconian annihilators
  6 draconian shifters
  4 ghouls
  14 stone giants
  10 ironbound preservers
  4 war gargoyles (Vaults:4)
  2 vampire knights
  14 green draconians
  8 black draconians
  7 deep elf demonologists
  A lorocyproca (Abyss:2)
  4 deep elf annihilators (Elf:3)
  7 yellow draconians
  3 entropy weavers
  9 white draconians
  6 bunyips
  10 purple draconians
  5 red draconians
  9 spark wasps
  8 dire elephants
  14 ettins
  3 eleionomae
  The ghost of Dinant the Martial Artist, a journeyman DsMo of Uskayaw (Orc:1)
  11 crystal guardians (Depths:2)
  4 deep elf death magi
  2 green deaths (Swamp:4)
  A merfolk javelineer (Depths:3)
  7 fire dragons
  15 yaktaur captains
  A deep elf high priest (Vaults:5)
  5 ironbound thunderhulks
  A merfolk impaler (Depths:2)
  9 great orbs of eyes
  3 spriggan air magi
  3 rakshasas
  9 ice dragons
  34 vault guards
  15 hydras
  2 peacekeepers (Vaults:4)
  4 boulder beetles
  3 hell beasts
  6 ironbound frosthearts
  A death knight (Vaults:2)
  A ghost crab (Swamp:4)
  17 centaur warriors
  5 ogre magi
  31 dancing weapons
  4 hell hogs (Depths:5)
  A catoblepas (Lair:6)
  7 alligators
  14 two-headed ogres
  5 ironbound beastmasters
  7 tengu warriors
  10 death yaks
  8 deep troll earth magi
  4 vampire magi
  10 hell knights
  A thrashing horror (Swamp:4)
  11 deep troll shamans
  5 orc high priests
  3 sun demons (Depths:5)
  7 spriggan berserkers
  3 soul eaters (Depths:5)
  4 iron trolls
  A shadow wraith (Abyss:2)
  11 deep elf knights
  The ghost of WaxSun the Cleaver, a novice FoCK of Xom (D:6)
  A wretched star (Abyss:2)
  8 skeletal warriors
  7 goliath frogs
  54 deep trolls
  A swamp dragon (shapeshifter) (Depths:1)
  A spriggan druid (Swamp:4)
  A storm dragon skeleton (Depths:1)
  The ghost of Golfball the Ruffian, a novice TrMo (D:6)
  A glowing orange brain (Vaults:1)
  7 deep elf archers
  2 orange crystal statues
  A gelid demonspawn (Depths:5)
  7 wizards
  7 phantasmal warriors
  17 ironbound convokers
  3 lindwurms (Vaults:3)
  A tengu zombie (Depths:1)
  14 necromancers
  7 swamp dragons
  2 wolf spider zombies (D:14)
  9 bog bodies
  The ghost of Renzlar the Shield-Bearer, a novice GnFi of Okawaru (D:6)
  28 deep elf pyromancers
  8 orb spiders
  A shining eye (Slime:2)
  9 orc knights
  32 ugly things
  31 moths of wrath
  A fire giant zombie (Depths:2)
  10 orc sorcerers
  4 frost giant zombies
  32 wolf spiders
  22 deep elf zephyrmancers
  4 will-o-the-wisps
  8 cyclopes
  An oklob plant (D:11)
  An iron dragon skeleton (Depths:2)
  2 manticores
  A fire giant skeleton (Depths:1)
  A molten gargoyle (Depths:5)
  17 elephants
  A rust devil (Depths:5)
  14 vault sentinels
  3 black mambas (Lair:1)
  The ghost of RascalDebosk the Chopper, a novice DrBe of Trog (D:6)
  7 cane toads
  A stone giant skeleton (Vaults:1)
  2 torpor snails
  4 orange demons (Swamp:4)
  2 gargoyles
  3 storm dragon simulacra (IceCv)
  A cane toad (shapeshifter) (D:14)
  6 smoke demons
  2 spriggan skeletons
  27 yaktaurs
  A hellion (Abyss:2)
  13 komodo dragons
  3 efreet
  8 demonic crawlers
  2 rime drakes
  6 golden dragon simulacra
  A tormentor (D:15)
  A hellwing (Depths:5)
  2 polar bears
  A queen bee (D:15)
  7 trolls
  7 tyrant leeches
  3 meliai (D:15)
  14 hornets
  2 guardian mummies (D:14)
  A wind drake (shapeshifter) (D:15)
  Grinder (D:3)
  20 jumping spiders
  14 blink frogs
  90 slime creatures
  4 dream sheep (Lair:3)
  11 raiju
  A blink frog (shapeshifter) (D:15)
  A meliai zombie (D:14)
  9 spriggans
  3 wyverns
  2 air elementals (Elf:1)
  An elf simulacrum (Vaults:1)
  4 ynoxinuls
  68 redbacks
  A tarantella (shapeshifter) (Vaults:5)
  35 yaks
  A vampire (D:11)
  37 tarantellas
  14 water elementals
  A fire elemental (Elf:3)
  4 wraiths
  8 basilisks
  4 large abominations (Abyss:2)
  A steam dragon (D:7)
  3 hogs (Swamp:1)
  A neqoxec (Abyss:2)
  11 swamp worms
  13 vampire mosquitoes
  4 wargs (Orc:1)
  A swamp worm (shapeshifter) (Vaults:5)
  An ogre zombie (Vaults:1)
  An acid dragon (D:11)
  4 swamp drakes (Swamp:1)
  A floating eye (Depths:4)
  47 orc warriors
  2 ice beasts
  3 sky beasts
  12 water moccasins
  2 hornet zombies
  3 ice dragon simulacra (IceCv)
  4 black bears
  A necrophage (D:4)
  14 ogres
  3 small abominations (Abyss:2)
  23 centaurs
  14 wolves
  A rime drake zombie (D:10)
  A kobold brigand (D:13)
  4 earth elementals
  10 bullfrogs
  A scorpion (D:4)
  17 killer bees
  10 wights (D:8)
  2 lindwurm simulacra (IceCv)
  2 howler monkeys
  17 electric eels
  4 centaur zombies
  A bullfrog zombie (D:5)
  A centaur skeleton (D:7)
  A hound (D:6)
  A human simulacrum (Vaults:1)
  2 jellies
  A quasit (Abyss:2)
  21 orc priests
  A bullfrog skeleton (D:6)
  3 iron imps
  A gnoll shaman (D:7)
  Ijyb (D:3)
  Natasha (thrice) (D:3)
  40 orc wizards
  A lightning spire (Gauntlet)
  A hound zombie (D:3)
  A mummy (D:14)
  4 howler monkey zombies
  9 gnolls
  13 adders
  5 river rats (Sewer)
  2 shadow imps
  A white imp (D:7)
  5 ufetubi
  An adder skeleton (D:4)
  A worm (D:2)
  The ghost of nxtlvl the Sneak, a weakling DgDe (D:6)
  2 dart slugs
  112 orcs
  7 endoplasms
  3 giant cockroaches
  8 goblins
  7 hobgoblins
  3 jackals (D:4)
  5 kobolds
  5 quokkas
  14 ball pythons
  A bat (D:2)
  6 frilled lizards
  25 rats
  7 butterflies (Vaults:2)
2153 creatures vanquished.

Vanquished Creatures (collateral kills)
  Nikola (Swamp:1)
  A quicksilver dragon (Depths:4)
  2 fire giants
  Louise (Swamp:4)
  A ghost moth (Spider:4)
  3 emperor scorpions (Spider:4)
  A vault warden (Vaults:3)
  An ironbound preserver (Vaults:1)
  A very ugly thing (Depths:4)
  An entropy weaver (Spider:4)
  A minotaur (Gauntlet)
  A spark wasp (Lair:4)
  2 boulder beetles
  A fire dragon (Depths:1)
  6 ice dragons
  4 hydras
  An ironbound thunderhulk (Vaults:1)
  An alligator (Swamp:3)
  3 deep troll earth magi
  An ironbound beastmaster (Vaults:3)
  A wretched star (Abyss:2)
  4 large abominations
  3 deep trolls
  A necromancer (Vaults:3)
  2 orb spiders
  A wolf spider (Spider:1)
  A shining eye (Lair:5)
  2 centaur zombies
  A vault sentinel (Vaults:3)
  2 storm dragon simulacra (IceCv)
  A gargoyle (D:11)
  2 minotaur zombies (Gauntlet)
  A yaktaur (Vaults:3)
  3 golden dragon simulacra (IceCv)
  3 jumping spiders
  3 hornets (Spider:4)
  2 slime creatures (Swamp:4)
  2 redbacks
  2 tarantellas (Spider:2)
  3 yaks
  A hog (Swamp:1)
  An ice dragon simulacrum (IceCv)
  2 orc warriors (Orc:2)
  3 centaurs (D:11)
  2 lindwurm simulacra (IceCv)
  2 howler monkeys (D:11)
  An orc priest (Orc:2)
86 creatures vanquished.

Vanquished Creatures (others)
  A curse toe (Zot:2)
  An ettin (Vaults:5)
  A vault guard (Vaults:5)
  A hydra (Swamp:4)
  A deep elf knight (Elf:1)
  A phantasmal warrior (Depths:2)
  A wizard (Depths:1)
  A necromancer (Vaults:3)
  3 deep elf zephyrmancers
  An ugly thing (Swamp:4)
  A deep elf pyromancer (Elf:3)
  An orange demon (Swamp:4)
  A rust devil (Gauntlet)
  2 yaktaurs (Vaults:5)
  A bloated husk (Swamp:3)
  A hog (Swamp:1)
  An orc warrior (Elf:3)
  2 orc wizards
  A briar patch (Swamp:1)
  8 foxfires (Swamp:1)
  15 fungi
  60 plants
  4 withered plants
110 creatures vanquished.

Grand Total: 2349 creatures vanquished

Notes
Turn   | Place    | Note
-------+----------+-------------------------------------------
     0 | D:1      | AttackTheMoon the Minotaur Berserker began the quest for
                  | the Orb.
     0 | D:1      | Reached XP level 1. HP: 19/19 MP: 0/0
   321 | D:1      | Found a faded altar of an unknown god.
   651 | D:1      | Reached XP level 2. HP: 27/27 MP: 1/1
   664 | D:1      | Found Axerphee's Magic Scroll Emporium.
   906 | D:1      | Reached skill level 1 in Shields
   982 | D:2      | Found a burning altar of Makhleb.
  1147 | D:2      | Reached skill level 1 in Evocations
  1147 | D:2      | Reached XP level 3. HP: 33/33 MP: 2/2
  1149 | D:2      | Reached XP level 4. HP: 40/40 MP: 3/3
  2195 | D:3      | Reached ** piety under Trog
  2284 | D:3      | Noticed Natasha
  2300 | D:3      | Killed Natasha
  2487 | D:3      | Found a radiant altar of Vehumet.
  2489 | D:3      | Noticed a charred statue
  2497 | D:3      | Noticed Natasha
  2509 | D:3      | Killed Natasha
  2510 | D:3      | Reached XP level 5. HP: 12/46 MP: 4/4
  2726 | D:3      | Noticed Natasha
  2761 | D:3      | Noticed Grinder
  2767 | D:3      | Killed Grinder
  2768 | D:3      | Reached XP level 6. HP: 53/53 MP: 5/5
  2861 | D:3      | Noticed Ijyb
  2864 | D:3      | Killed Ijyb
  2999 | D:3      | Killed Natasha
  3054 | D:4      | Identified a scroll of acquirement
  3054 | D:4      | Acquired the +0 kite shield of Perfidy {rC- rN+++ rCorr
                  | Dex-4}
  3057 | D:4      | Reached skill level 5 in Axes
  3096 | D:4      | Reached skill level 5 in Fighting
  3096 | D:4      | Reached XP level 7. HP: 50/61 MP: 6/6
  3677 | D:4      | Found a glowing drain.
  3702 | Sewer    | Entered a sewer
  3817 | Sewer    | Reached *** piety under Trog
  4172 | Sewer    | Reached skill level 5 in Armour
  4466 | D:4      | Found a bloodstained altar of Trog.
  4562 | D:4      | Found a blossoming altar of Fedhas.
  4562 | D:4      | Found a shimmering blue altar of Sif Muna.
  4649 | D:4      | Found Ilaic's Armour Emporium.
  4943 | D:5      | Entered Level 5 of the Dungeon
  5018 | D:5      | Reached XP level 8. HP: 70/70 MP: 7/7
  5836 | D:6      | Reached skill level 5 in Dodging
  5941 | D:6      | Reached skill level 5 in Shields
  6239 | D:6      | Found a runed translucent gate.
  6240 | D:6      | Found a runed translucent gate.
  6241 | D:6      | Found a runed translucent gate.
  6242 | D:6      | Noticed nxtlvl's ghost (weakling DgDe)
  6242 | D:6      | Noticed Golfball's ghost (novice TrMo)
  6242 | D:6      | Noticed WaxSun's ghost (novice FoCK)
  6243 | D:6      | Noticed Renzlar's ghost (novice GnFi)
  6243 | D:6      | Noticed RascalDebosk's ghost (novice DrBe)
  6416 | D:6      | Noticed a two-headed ogre
  6420 | D:6      | Killed a two-headed ogre
  6421 | D:6      | Reached XP level 9. HP: 78/78 MP: 8/8
  6614 | D:6      | Reached **** piety under Trog
  6991 | D:7      | Noticed a troll
  7000 | D:7      | Killed a troll
  7025 | D:7      | Found an ornate altar of the Wu Jian Council.
  7145 | D:7      | Paralysed by a hornet for 1 turns
  8337 | D:7      | Found a staircase to the Ecumenical Temple.
  8911 | D:8      | Reached skill level 5 in Evocations
  8941 | D:8      | Reached XP level 10. HP: 55/88 MP: 9/9
  9247 | D:8      | Noticed a boulder beetle
  9258 | D:8      | Killed a boulder beetle
 10283 | D:9      | Reached ***** piety under Trog
 10599 | D:9      | Found a hide-covered altar of Uskayaw.
 10714 | D:10     | Entered Level 10 of the Dungeon
 10996 | D:10     | Found a staircase to the Orcish Mines.
 11892 | D:10     | Found the +5 robe of Misfortune {Contam Harm *Corrode Drain
                  | *Slow EV+5}
 11929 | D:10     | Found a basalt altar of Yredelemnul.
 12597 | D:11     | Noticed a boulder beetle
 12604 | D:11     | Killed a boulder beetle
 12605 | D:11     | Reached XP level 11. HP: 97/97 MP: 10/10
 12864 | D:11     | Found a staircase to the Lair.
 12866 | D:11     | Noticed an oklob plant
 12873 | D:11     | Killed an oklob plant
 14445 | D:12     | Noticed a white ugly thing
 14446 | D:12     | Noticed a red ugly thing
 14503 | Lair:1   | Entered Level 1 of the Lair of Beasts
 14543 | Lair:1   | Found a gate leading to a gauntlet.
 14556 | Gauntlet | Entered a Gauntlet
 14556 | Gauntlet | Found a transporter.
 14556 | Gauntlet | Found a transporter.
 14568 | Gauntlet | Noticed a catoblepas
 14641 | Gauntlet | Found a transporter.
 14641 | Gauntlet | Found a transporter.
 14645 | Gauntlet | Found a transporter.
 14645 | Gauntlet | Found a transporter.
 14696 | Gauntlet | Found a transporter.
 14696 | Gauntlet | Found a transporter.
 14700 | Gauntlet | Found a transporter.
 14700 | Gauntlet | Found a transporter.
 14805 | Gauntlet | Noticed a wolf spider
 14812 | Gauntlet | Noticed an entropy weaver
 14981 | Gauntlet | Found a transporter.
 14981 | Gauntlet | Found the +2 ratskin cloak {*Rats rPois rN+ Str-1 Int-1
                  | Dex+1}
 14984 | Gauntlet | Found a transporter.
 15008 | Gauntlet | Reached skill level 10 in Axes
 15011 | Gauntlet | Reached skill level 10 in Fighting
 15026 | Gauntlet | Identified the +1 chain mail "Maqip" {Slay+2}
 15072 | Gauntlet | Identified the +2 ring mail "Ufitu" {rPois Int+3}
 15072 | Gauntlet | Noticed a minotaur
 15079 | Gauntlet | Killed a minotaur
 15112 | Gauntlet | Identified the +3 dagger "Qunnaxog" {drain, +Blink rPois
                  | Int+3 Stlth-}
 15237 | Lair:1   | Reached XP level 12. HP: 56/106 MP: 11/11
 15238 | Lair:1   | Reached skill level 10 in Armour
 15884 | Lair:1   | Noticed an eight-headed hydra
 15896 | Lair:1   | Killed an eight-headed hydra
 15903 | Lair:1   | Noticed a four-headed hydra
 15916 | Lair:1   | Killed a six-headed hydra
 15917 | Lair:1   | Reached skill level 10 in Shields
 16524 | Lair:1   | Noticed a six-headed hydra
 16532 | Lair:1   | Killed a seven-headed hydra
 16911 | Lair:2   | Noticed a death yak
 16912 | Lair:2   | Noticed a death yak
 16913 | Lair:2   | Noticed a death yak
 16922 | Lair:2   | Noticed a death yak
 16922 | Lair:2   | Noticed a death yak
 16931 | Lair:2   | Noticed a death yak
 16932 | Lair:2   | Killed a death yak
 16935 | Lair:2   | Noticed a seven-headed hydra
 16936 | Lair:2   | Killed a death yak
 16939 | Lair:2   | Killed a death yak
 16940 | Lair:2   | Killed a death yak
 17331 | Lair:1   | Killed a death yak
 17332 | Lair:1   | Reached skill level 10 in Dodging
 17401 | Lair:2   | Found a staircase to the Swamp.
 17598 | Swamp:1  | Entered Level 1 of the Swamp
 17598 | Swamp:1  | Noticed a bunyip
 18056 | Lair:2   | Killed a death yak
 18674 | Lair:3   | Reached XP level 13. HP: 75/116 MP: 12/12
 19698 | Lair:4   | Identified the +1 fustibalus of Toshupos {speed, Fly}
 19804 | Lair:4   | Identified the +7 quarterstaff of the Heavens {speed, rPois
                  | rN+ Will-}
 20032 | Lair:4   | Found a hole to the Spider Nest.
 20974 | Lair:5   | Found a viscous altar of Jiyva.
 20974 | Lair:5   | Found a staircase to the Slime Pits.
 21005 | Lair:5   | Received a gift from Trog
 21277 | Lair:5   | Acquired a +1 vorpal broad axe
 22100 | Lair:6   | Entered Level 6 of the Lair of Beasts
 23050 | Lair:6   | Reached XP level 14. HP: 127/127 MP: 13/13
 23050 | Lair:6   | Reached XP level 15. HP: 134/134 MP: 14/14
 23783 | Slime:1  | Entered Level 1 of the Pits of Slime
 23797 | Slime:1  | Noticed an acid blob
 23799 | Slime:1  | Noticed an acid blob
 23799 | Slime:1  | Noticed a rockslime
 24209 | D:4      | Bought the +3 pair of gauntlets of War {Slay+5} for 665
                  | gold pieces
 24209 | D:4      | Found the +3 pair of gauntlets of War {Slay+5}
 24524 | Spider:1 | Entered Level 1 of the Spider Nest
 24565 | Spider:1 | Found a frozen archway.
 24823 | IceCv    | Entered an ice cave
 25804 | IceCv    | Noticed a golden dragon
 25818 | IceCv    | Killed a golden dragon
 26142 | IceCv    | Identified the ring "Nevug" {rF- rC- rN+ Str+7 Dex+2}
 26154 | IceCv    | Identified the ring "Guoczokk" {Fire Int+3 Dex+4}
 26256 | Spider:1 | Noticed Aizul
 26303 | Spider:1 | Killed Aizul
 26304 | Spider:1 | Reached skill level 10 in Evocations
 27302 | D:1      | Bought a scroll of teleportation for 33 gold pieces
 27302 | D:1      | Bought a scroll of enchant armour for 82 gold pieces
 27302 | D:1      | Bought a scroll of identify for 22 gold pieces
 27302 | D:1      | Bought a scroll of blinking for 82 gold pieces
 27302 | D:1      | Bought a scroll of teleportation for 33 gold pieces
 27302 | D:1      | Bought a scroll of enchant weapon for 82 gold pieces
 27302 | D:1      | Bought a scroll of teleportation for 33 gold pieces
 27302 | D:1      | Bought a scroll of identify for 22 gold pieces
 27560 | D:6      | Killed nxtlvl's ghost
 27565 | D:6      | Killed Golfball's ghost
 27567 | D:6      | Killed RascalDebosk's ghost
 27570 | D:6      | Killed Renzlar's ghost
 27572 | D:6      | Killed WaxSun's ghost
 28110 | Spider:1 | Identified the +9 whip of Responsibility {flame, Int+5}
 28500 | Spider:1 | Reached skill level 15 in Axes
 28629 | Spider:1 | Reached XP level 16. HP: 144/144 MP: 15/15
 29539 | Spider:2 | Identified the +12 great mace "Undertaker" {vorpal, rC+
                  | Int+2}
 30486 | Spider:4 | Entered Level 4 of the Spider Nest
 30495 | Spider:4 | Received a gift from Trog
 31374 | Spider:4 | Got a gossamer rune of Zot
 32051 | Swamp:1  | Noticed Nikola
 32059 | Swamp:1  | Killed Nikola
 32171 | Swamp:1  | Reached XP level 17. HP: 94/154 MP: 16/16
 32230 | Swamp:1  | Noticed Kirke
 32246 | Swamp:1  | Killed Kirke
 32313 | Swamp:1  | Found a blossoming altar of Fedhas.
 32953 | Swamp:2  | Noticed Donald
 32961 | Swamp:2  | Killed Donald
 33059 | Swamp:2  | Received a gift from Trog
 34019 | Swamp:3  | Reached skill level 15 in Fighting
 34591 | Swamp:4  | Entered Level 4 of the Swamp
 34882 | Swamp:4  | Reached skill level 15 in Armour
 34889 | Swamp:4  | Noticed Louise
 34912 | Swamp:4  | Cast into level 2 of the Abyss (Louise)
 35395 | Abyss:2  | Found an opulent altar of Gozag.
 35542 | Swamp:4  | Escaped the Abyss
 35558 | Swamp:4  | Killed Louise
 35559 | Swamp:4  | Reached skill level 15 in Shields
 36469 | Swamp:4  | Reached XP level 18. HP: 163/163 MP: 17/17
 36668 | Swamp:4  | Got a decaying rune of Zot
 37063 | Slime:1  | Gained mutation: You are dopey. (Int -2) [a shining eye]
 37068 | Lair:5   | Gained mutation: Your spells are a little easier to cast,
                  | but a little less powerful. [a shining eye]
 37463 | Slime:1  | You fall into a shaft and drop 1 floor!
 37584 | Slime:1  | You fall into a shaft and drop 1 floor!
 37657 | Slime:2  | Lost mutation: You are dopey. (Int -2) [a shining eye]
 38562 | Orc:1    | Entered Level 1 of the Orcish Mines
 39255 | Orc:1    | Found a transporter.
 39256 | Orc:1    | Noticed Dinant's ghost (journeyman DsMo)
 39263 | Orc:1    | Found a transporter.
 39332 | Orc:1    | Received a gift from Trog
 39454 | Orc:1    | Killed Dinant's ghost
 39669 | Orc:2    | Entered Level 2 of the Orcish Mines
 39669 | Orc:2    | Found a staircase to the Elven Halls.
 39733 | Orc:2    | Found Belog's Magic Scroll Boutique.
 39787 | Orc:2    | Found Ycegan's Assorted Antiques.
 39946 | Orc:2    | Found Xigulub's Antique Weapon Shoppe.
 39968 | Orc:2    | Found Soelic's Antique Armour Emporium.
 40034 | Orc:2    | Found Lafrutet's Book Boutique.
 40098 | Orc:2    | Found Jiose's General Store.
 40102 | Orc:2    | Found Huaned's Magic Scroll Shop.
 40571 | Orc:2    | Found Zoixunn's Assorted Antiques.
 40576 | Orc:2    | Bought a scroll labelled YSKEADGH WOPS for 22 gold pieces
 40577 | Orc:2    | Bought a wand of flame (15) for 22 gold pieces
 40598 | Orc:2    | Found Jaf Juit's Jewellery Boutique.
 40724 | Orc:2    | Bought a scroll of enchant armour for 97 gold pieces
 40772 | Orc:2    | Bought a scroll of enchant armour for 97 gold pieces
 41503 | D:13     | Identified the +6 war axe of Charity {vorpal, rPois Will+}
                  | (Trog gifted it to you on level 13 of the Dungeon)
 41503 | D:13     | Received a gift from Trog
 41673 | D:13     | Found Zyrghupog's Armour Shoppe.
 41950 | D:14     | Reached skill level 15 in Dodging
 42043 | D:14     | Acquired the +0 cloak of Subjectivity {Rampage rF- Slay+2}
 42064 | D:14     | Found a gate to the Vaults.
 42627 | D:14     | Reached XP level 19. HP: 171/174 MP: 18/18
 42781 | D:15     | Entered Level 15 of the Dungeon
 42803 | D:15     | Found a staircase to the Depths.
 43756 | D:15     | Received a gift from Trog
 43865 | D:15     | Found an opulent altar of Gozag.
 44189 | D:15     | Paralysed by an ogre mage for 2 turns
 44458 | Vaults:1 | Entered Level 1 of the Vaults
 45520 | Vaults:1 | Found a runed translucent gate.
 45520 | Vaults:1 | Found a runed translucent gate.
 45520 | Vaults:1 | Found a runed translucent gate.
 45520 | Vaults:1 | Found an ancient bone altar of Kikubaaqudgha.
 45520 | Vaults:1 | Noticed a dread lich
 45520 | Vaults:1 | Noticed a dread lich
 45521 | Vaults:1 | Noticed Fubom's ghost (veteran HOEn)
 46166 | Vaults:1 | Identified the +1 hand axe of Zeseil {flame, Will++} (Trog
                  | gifted it to you on level 1 of the Vaults)
 46166 | Vaults:1 | Received a gift from Trog
 46569 | Vaults:1 | Killed a dread lich
 46576 | Vaults:1 | Killed a dread lich
 46947 | Vaults:1 | Killed Fubom's ghost
 46953 | Vaults:1 | Identified the +0 pair of boots of Umaxifey {rF+ rC+ Str+7
                  | Slay+3}
 46968 | Vaults:1 | Identified the ring "Nialetelaf" {rN+ Will+}
 47028 | Vaults:1 | Acquired the +4 plate armour of the Moneychanger {Dex+5
                  | Slay+2}
 47131 | Vaults:2 | Noticed Mara
 47142 | Vaults:2 | Killed Mara
 47143 | Vaults:2 | Reached XP level 20. HP: 165/184 MP: 19/19
 47339 | Vaults:2 | Found a huge runed gate.
 47340 | Vaults:2 | Found a huge runed gate.
 47340 | Vaults:2 | Found a huge runed gate.
 47340 | Vaults:2 | Found a huge runed gate.
 47340 | Vaults:2 | Found a huge runed gate.
 47340 | Vaults:2 | Found a huge runed gate.
 47340 | Vaults:2 | Found a huge runed gate.
 47340 | Vaults:2 | Found a huge runed gate.
 47342 | Vaults:2 | Found a huge runed gate.
 47342 | Vaults:2 | Found a huge runed gate.
 47342 | Vaults:2 | Found a huge runed gate.
 47342 | Vaults:2 | Found a huge runed gate.
 47342 | Vaults:2 | Found a huge runed gate.
 47342 | Vaults:2 | Found a huge runed gate.
 47343 | Vaults:2 | Found a huge runed gate.
 47344 | Vaults:2 | Found a huge runed gate.
 47689 | Vaults:2 | Found a staircase to the Crypt.
 47848 | Vaults:2 | Identified the +7 flail of Awebedd {elec, Fragile Str+6}
 48823 | Vaults:4 | Found Qoric's Distillery.
 48823 | Vaults:4 | Noticed Bai Suzhen
 48841 | Vaults:4 | Killed Bai Suzhen
 48879 | Vaults:4 | Bought a potion of haste for 120 gold pieces
 48879 | Vaults:4 | Bought a potion of haste for 120 gold pieces
 48879 | Vaults:4 | Bought a potion of curing for 36 gold pieces
 48879 | Vaults:4 | Bought a potion of curing for 36 gold pieces
 48879 | Vaults:4 | Bought a potion of curing for 36 gold pieces
 48880 | Vaults:4 | Found Viusch's Book Boutique.
 49029 | Vaults:4 | Found Ciklint's Armour Shop.
 49279 | Vaults:4 | Found Goebi's General Store.
 49291 | Vaults:4 | Bought a potion of haste for 190 gold pieces
 49291 | Vaults:4 | Bought a potion of might for 76 gold pieces
 49334 | Vaults:4 | Identified the +10 great sword "Coadghen" {vorpal, Str-2
                  | Dex+7}
 49580 | Vaults:4 | Noticed Mennas
 49606 | Vaults:4 | Killed Mennas
 49697 | Vaults:4 | Found Dovyc's Armour Emporium.
 50116 | Vaults:4 | Reached XP level 21. HP: 139/195 MP: 20/20
 50500 | Vaults:5 | Entered Level 5 of the Vaults
 50718 | Vaults:3 | Noticed Margery
 50741 | Vaults:3 | Received a gift from Trog
 51437 | Vaults:3 | Killed Margery
 51529 | Vaults:3 | Found Xebloes's Magic Scroll Boutique.
 51538 | Vaults:3 | Bought a scroll of teleportation for 39 gold pieces
 51538 | Vaults:3 | Bought a scroll of magic mapping for 45 gold pieces
 51538 | Vaults:3 | Bought a scroll of enchant armour for 97 gold pieces
 51538 | Vaults:3 | Bought a scroll of teleportation for 39 gold pieces
 51538 | Vaults:3 | Bought a scroll of teleportation for 39 gold pieces
 51928 | Vaults:3 | Noticed a golden dragon
 52032 | Vaults:3 | Killed a golden dragon
 52780 | Vaults:3 | Upgraded the game from 0.27.1 to 0.27.1-1-g398f81649c
 53049 | Elf:1    | Entered Level 1 of the Elven Halls
 53569 | Elf:1    | Reached skill level 15 in Evocations
 54107 | Elf:1    | Paralysed by an air elemental for 1 turns
 54299 | Elf:1    | Received a gift from Trog
 54741 | Elf:2    | Found Coonlif's Armour Emporium.
 55070 | Elf:2    | Found a runed translucent gate.
 55070 | Elf:2    | Found a runed translucent gate.
 55070 | Elf:2    | Found a runed translucent gate.
 55089 | Elf:2    | Reached XP level 22. HP: 194/206 MP: 15/21
 55819 | Elf:3    | Entered Level 3 of the Elven Halls
 55845 | Elf:3    | Found a flickering gateway to a bazaar.
 55854 | Bazaar   | Entered a bazaar
 55854 | Bazaar   | Found Zuqateos's Antique Weapon Emporium.
 55854 | Bazaar   | Found Abez's Weapon Shoppe.
 55854 | Bazaar   | Found Amupnal's General Store.
 55856 | Bazaar   | Found Xedaw's Armour Shoppe.
 55879 | Bazaar   | Bought 2 potions of invisibility for 128 gold pieces
 56204 | Elf:3    | Received a gift from Trog
 57200 | Elf:3    | Found the +2 robe of Vines {NoPotionHeal Regen+++}
 57241 | Elf:3    | Found the +12 glaive of Prune {vorpal}
 57348 | Elf:3    | Identified the +8 glaive of the Trees {freeze, +Blink rF+}
 58604 | Depths:1 | Entered Level 1 of the Depths
 58919 | Depths:1 | Found a gateway to a ziggurat.
 59040 | Depths:1 | Found a glowing golden altar of the Shining One.
 59040 | Depths:1 | Found a glowing silver altar of Zin.
 59040 | Depths:1 | Found a white marble altar of Elyvilon.
 59169 | Depths:1 | Received a gift from Trog
 59206 | Depths:1 | Found a gateway to Hell.
 59281 | Depths:1 | Found Intew's Book Shoppe.
 59533 | Depths:1 | Reached XP level 23. HP: 215/215 MP: 22/22
 59803 | Depths:1 | Found Miare's Distillery.
 59807 | Depths:1 | Bought 2 potions of curing for 132 gold pieces
 59807 | Depths:1 | Found Cotzirr's General Store.
 59813 | Depths:1 | Bought a scroll of enchant armour for 172 gold pieces
 59813 | Depths:1 | Bought 12 stones for 27 gold pieces
 59813 | Depths:1 | Bought a wand of flame (21) for 264 gold pieces
 60270 | Depths:2 | Received a gift from Trog
 60317 | Depths:2 | Found a flickering gateway to a bazaar.
 60326 | Bazaar   | Entered a bazaar
 60326 | Bazaar   | Found Pysokh's Armour Shoppe.
 60326 | Bazaar   | Found Siellyav's Weapon Emporium.
 60327 | Bazaar   | Found Xowk's Antique Weapon Shoppe.
 60327 | Bazaar   | Found Tuintiamu's Weapon Emporium.
 60419 | Depths:2 | Found a hide-covered altar of Uskayaw.
 61267 | Depths:2 | Found an ancient bone altar of Kikubaaqudgha.
 61515 | Depths:3 | Found Otsom's Antique Armour Shop.
 62199 | Depths:3 | Identified the +1 mace of Glory {freeze, *Slow rPois rN++
                  | Str+3}
 62617 | Depths:3 | Found an iron altar of Okawaru.
 62774 | Depths:3 | Found a one-way gate leading to the halls of Pandemonium.
 63140 | Depths:2 | Found a shimmering blue altar of Sif Muna.
 63425 | Depths:3 | Bought the +15 Maxwell's patent armour {-Cast -Tele rElec
                  | Will+ rCorr} for 2255 gold pieces
 63425 | Depths:3 | Found the +15 Maxwell's patent armour {-Cast -Tele rElec
                  | Will+ rCorr}
 63582 | Depths:4 | Paralysed by a floating eye for 2 turns
 63897 | Depths:4 | Reached XP level 24. HP: 130/228 MP: 22/22
 64214 | Depths:4 | You fall into a shaft and drop 1 floor!
 64214 | Depths:5 | Entered Level 5 of the Depths
 64552 | Depths:4 | Identified the +9 scythe of the Omega Point {freeze, *Noise
                  | rElec rCorr Str+7}
 64675 | Depths:4 | Found a white marble altar of Elyvilon.
 64805 | Depths:4 | Found a one-way gate to the infinite horrors of the Abyss.
 64977 | Depths:5 | Received a gift from Trog
 65047 | Depths:5 | Found a gate to the Realm of Zot.
 65438 | Depths:5 | Noticed a juggernaut
 65450 | Depths:5 | Killed a juggernaut
 65544 | Depths:5 | Found a shadowy altar of Dithmenos.
 65581 | Depths:5 | Found a runed translucent door.
 65581 | Depths:5 | Noticed Pikuto's ghost (adept MiBe)
 65607 | Depths:5 | Killed Pikuto's ghost
 65768 | Depths:5 | Acquired 1138 gold pieces
 66834 | Vaults:5 | Identified the amulet "Gufuub" {Regen+ rCorr}
 67069 | Vaults:5 | Reached XP level 25. HP: 216/238 MP: 22/22
 67306 | Vaults:5 | Identified the +0 troll leather armour "Ullottoj" {Harm
                  | Regen+ rCorr Dex-3}
 67513 | Vaults:5 | Got a silver rune of Zot
 68290 | Vaults:5 | Received a gift from Trog
 68459 | Vaults:5 | Noticed an ancient lich
 68491 | Vaults:5 | Killed an ancient lich
 68493 | Vaults:5 | Noticed an ancient lich
 68704 | Vaults:5 | Noticed a dread lich
 68722 | Vaults:5 | Killed a dread lich
 68882 | Vaults:5 | Killed an ancient lich
 69709 | Zot:1    | Entered Level 1 of the Realm of Zot
 69743 | Zot:1    | Found the +4 dragonskin cloak
 69743 | Zot:1    | Noticed Tiamat
 69772 | Depths:5 | Received a gift from Trog
 70205 | Zot:1    | Killed Tiamat
 70644 | Zot:1    | Noticed an orb of fire
 70647 | Zot:1    | Gained mutation: Your body sometimes deteriorates upon
                  | taking damage. [an orb of fire]
 70663 | Zot:1    | Killed an orb of fire
 70768 | Zot:1    | Reached XP level 26. HP: 238/251 MP: 22/22
 71859 | Zot:2    | Noticed jayjay249's ghost (veteran DECj)
 71859 | Zot:2    | Found a runed translucent gate.
 71859 | Zot:2    | Found a runed translucent gate.
 71859 | Zot:2    | Found a runed translucent gate.
 71860 | Zot:2    | Noticed Sofait's ghost (legendary GnFE)
 71950 | Zot:2    | Noticed Goitinis's ghost (veteran DgFi)
 71953 | Zot:2    | Noticed Heoriaro's ghost (legendary GnFi)
 73087 | Zot:2    | Noticed an orb of fire
 73087 | Zot:2    | Gained mutation: You are frail. (-10% HP) [an orb of fire]
 73093 | Zot:2    | Gained mutation: You tend to lose your temper in combat.
                  | [an orb of fire]
 73100 | Zot:2    | Gained mutation: Armour fits poorly on your strangely
                  | shaped body. [an orb of fire]
 73101 | Zot:2    | Killed an orb of fire
 73691 | Zot:2    | Noticed an ancient lich
 73701 | Zot:2    | Killed an ancient lich
 74499 | Zot:2    | Lost mutation: Your body sometimes deteriorates upon taking
                  | damage. [potion of mutation]
 74499 | Zot:2    | Lost mutation: Armour fits poorly on your strangely shaped
                  | body. [potion of mutation]
 74499 | Zot:2    | Gained mutation: You have a pair of large horns on your
                  | head. [potion of mutation]
 74499 | Zot:2    | Gained mutation: You evolve. [potion of mutation]
 74499 | Zot:2    | Gained mutation: You are dopey. (Int -2) [potion of
                  | mutation]
 74752 | Zot:3    | Gained mutation: You have sharp toenails. [evolution]
 75703 | Zot:4    | Acquired 704 gold pieces
 76421 | Zot:4    | Reached XP level 27. HP: 192/234 MP: 1/22
 76977 | Zot:5    | Entered Level 5 of the Realm of Zot
 77253 | Zot:5    | Noticed a dread lich
 77269 | Zot:5    | Killed a dread lich
 77294 | Zot:5    | Noticed an ancient lich
 77300 | Zot:5    | Killed an ancient lich
 77311 | Zot:5    | Noticed an orb of fire
 77311 | Zot:5    | Noticed an orb of fire
 77313 | Zot:5    | Noticed an orb of fire
 77316 | Zot:5    | Noticed an orb of fire
 77317 | Zot:5    | Noticed an orb of fire
 77318 | Zot:5    | Gained mutation: You are very dopey. (Int -4) [an orb of
                  | fire]
 77318 | Zot:5    | Noticed an orb of fire
 77319 | Zot:5    | Gained mutation: You are clumsy. (Dex -2) [an orb of fire]
 77322 | Zot:5    | Lost mutation: You evolve. [an orb of fire]
 77322 | Zot:5    | Gained mutation: You are very frail. (-20% HP) [an orb of
                  | fire]
 77327 | Zot:5    | Gained mutation: Your magical capacity is low. (-10% MP)
                  | [an orb of fire]
 77332 | Zot:5    | Gained mutation: Your body sometimes deteriorates upon
                  | taking damage. [an orb of fire]
 77335 | Zot:5    | Gained mutation: Your body often deteriorates upon taking
                  | damage. [an orb of fire]
 77799 | Zot:5    | Gained mutation: You expend magic power (3 MP) to
                  | strengthen your wands. [an orb of fire]
 77809 | Zot:5    | Gained mutation: You often lose your temper in combat. [an
                  | orb of fire]
 77813 | Zot:5    | Gained mutation: You are very clumsy. (Dex -4) [an orb of
                  | fire]
 77819 | Zot:5    | Killed an orb of fire
 77821 | Zot:5    | Killed an orb of fire
 78217 | Zot:5    | Gained mutation: You sometimes lose the ability to read
                  | scrolls when taking damage. [an orb of fire]
 78225 | Zot:5    | Gained mutation: You are occasionally teleported next to
                  | monsters. [an orb of fire]
 78227 | Zot:5    | Gained mutation: Your magical capacity is very low. (-20%
                  | MP) [an orb of fire]
 78231 | Zot:5    | Killed an orb of fire
 78284 | Zot:5    | Gained mutation: You have an uncontrollable temper. [an orb
                  | of fire]
 78293 | Zot:5    | Killed an orb of fire
 78484 | Zot:5    | Killed an orb of fire
 78719 | Zot:5    | Lost mutation: You have a pair of large horns on your head.
                  | [potion of mutation]
 78719 | Zot:5    | Lost mutation: You are very clumsy. (Dex -4) [potion of
                  | mutation]
 78719 | Zot:5    | Lost mutation: Your spells are a little easier to cast, but
                  | a little less powerful. [potion of mutation]
 78719 | Zot:5    | Lost mutation: Your body often deteriorates upon taking
                  | damage. [potion of mutation]
 78720 | Zot:5    | Lost mutation: You are very frail. (-20% HP) [potion of
                  | mutation]
 78720 | Zot:5    | Lost mutation: You are frail. (-10% HP) [potion of
                  | mutation]
 78720 | Zot:5    | Gained mutation: You are somewhat resistant to further
                  | mutation. [potion of mutation]
 78912 | Zot:5    | Lost mutation: You have an uncontrollable temper. [potion
                  | of mutation]
 78912 | Zot:5    | Lost mutation: Your body sometimes deteriorates upon taking
                  | damage. [potion of mutation]
 78913 | Zot:5    | Lost mutation: You are very dopey. (Int -4) [potion of
                  | mutation]
 78913 | Zot:5    | Lost mutation: Your magical capacity is very low. (-20% MP)
                  | [potion of mutation]
 78915 | Zot:5    | Lost mutation: You are dopey. (Int -2) [potion of mutation]
 78915 | Zot:5    | Lost mutation: Your magical capacity is low. (-10% MP)
                  | [potion of mutation]
 78915 | Zot:5    | Lost mutation: You sometimes lose the ability to read
                  | scrolls when taking damage. [potion of mutation]
 78915 | Zot:5    | Gained mutation: Your body sometimes deteriorates upon
                  | taking damage. [potion of mutation]
 78916 | Zot:5    | Lost mutation: Your body sometimes deteriorates upon taking
                  | damage. [potion of mutation]
 78916 | Zot:5    | Lost mutation: You expend magic power (3 MP) to strengthen
                  | your wands. [potion of mutation]
 79081 | Zot:5    | Gained mutation: Your body sometimes deteriorates upon
                  | taking damage. [an orb of fire]
 79086 | Zot:5    | Gained mutation: You are weak. (Str -2) [an orb of fire]
 79091 | Zot:5    | Gained mutation: You are very clumsy. (Dex -4) [an orb of
                  | fire]
 79100 | Zot:5    | Killed an orb of fire
 79782 | Depths:1 | Bought a potion of mutation for 176 gold pieces
 79782 | Depths:1 | Bought a potion of mutation for 176 gold pieces
 79995 | Orc:2    | Bought a potion of curing for 66 gold pieces
 80463 | Vaults:4 | Bought a potion of mutation for 96 gold pieces
 80889 | Zot:5    | Got the Orb of Zot
 81671 | D:$      | Escaped with the Orb!

Illustrated notes

Levels and vault maps discovered:
D:1:      minmay_arrival_widening_spiral_narrow, layout_basic, serial_shops,
          nicolae_shop_waterfront, hellmonk_ecumenical_altar_crossroads
D:2:      layout_basic, basic_altar, kennysheep_generic_room_9
D:3:      layout_rooms, vehumet_statue, uniq_grinder, uniq_ijyb, uniq_natasha
D:4:      layout_loops_ring, mainiacjoe_overflow_six_doors_small,
          gammafunk_temple_overflow_wave, serial_shops, shop,
          portal_sewer_entry_f, minmay_checkerbox
D:5:      layout_basic
D:6:      layout_loops_corners, gammafunk_ghost_cemetery,
          chequers_serial_rivers_small_a
D:7:      layout_loops_cross, kennysheep_mini, temple_statues
D:8:      minmay_angry_zag, layout_basic, grunt_ministairs_11,
          hangedman_abyss_or_decor_passed, chequers_serial_rivers_marsh,
          abandoned_shop, dk_noncrumbling_4, nrook_loot_triangle
D:9:      layout_basic, lemuel_round_altar
D:10:     layout_loops_corners, mainiacjoe_overflow_chevrons, hiddenorc1_lemuel,
          serial_bayou, serial_bayou_shore_a, serial_bayou_pond_c,
          serial_bayou_shore_b, serial_bayou_lake_a, serial_bayou_pond_c,
          serial_bayou_ford_a, serial_bayou_lagoon_a
D:11:     layout_irregular_city, dpeg_oklobed_lair
D:12:     layout_loops_cross
D:13:     layout_loops_ring, serial_shops, nicolae_shop_window_shopping,
          blue_anna_alchemist
D:14:     layout_roguey, grunt_vaults_entry_fortified, serial_undead,
          serial_undead_c, serial_undead_d, serial_undead_e, serial_undead_b,
          serial_undead_d, serial_undead_b, serial_undead_d
D:15:     grunt_enter_depths_giant_problem, layout_basic,
          grunt_gozag_breadcrumbs, minivault_7
Lair:1:   layout_gridlike, gauntlet_entry_generic, minmay_shattered_shrine,
          grunt_megastairs_4, infiniplex_staircase_pool
Lair:2:   layout_regular_city, nicolae_swamp_entry_splash_gauntlet,
          eino_small_chamber_without_monster, st_stairs_3
Lair:3:   layout_roguey, serial_bayou_shore_b, grunt_megastairs_1
Lair:4:   layout_long_grid, nicolae_spider_entry_tight_spaces
Lair:5:   layout_loops_ring, slime_altar_1, forest_entry_grove
Lair:6:   grunt_lair_end_beastmaster, layout_cave_pods, lemuel_fruit_fields,
          serial_bayou_shore_b, serial_bayou_shore_b
Swamp:1:  layout_basic_swamp, evilmike_swamp_ruin_house_1, swamp_pool5,
          lemuel_altar_in_water2, uniq_nikola, uniq_kirke
Swamp:2:  layout_basic_swamp, evilmike_swamp_ruin_rubble_1, swamp_pool4,
          hangedman_swamp_pad, uniq_donald
Swamp:3:  layout_basic_swamp, hangedman_swamp_blocks, swamp_pool4,
          infiniplex_staircase_pool_2
Swamp:4:  swamp_vile, layout_basic_swamp, swamp_pool1, uniq_louise
Spider:1: layout_spider_delve, portal_ice_cave_entry_dragon,
          nicolae_spider_bzzzt, uniq_aizul
Spider:2: layout_spider_delve
Spider:3: layout_spider_delve, nicolae_spider_checkerboard
Spider:4: spider_rune_water, nicolae_spider_jagged_tunnels
Slime:1:  layout_caves
Slime:2:  layout_caves
Orc:1:    layout_diamond_mine, gammafunk_ghost_arena, mines3_lemuel
Orc:2:    grunt_orc_community_town_hall, layout_caves,
          grunt_orc_community_big_house_2, grunt_orc_community_big_house_2,
          grunt_orc_community_house_3, grunt_orc_community_house_3,
          grunt_orc_community_house_2, grunt_orc_community_house_2,
          grunt_orc_community_house_1, serial_shops, shop,
          nicolae_lakefront_shop, shop, shop, shop_statue
Elf:1:    nicolae_elf_arrival_fired_up, layout_loops_ring,
          hangedman_elven_crosses_minicolossus, st_stairs_4,
          nicolae_elf_vaults_five_recruitment_drive
Elf:2:    nicolae_elf_blades_splatter_lattice [nicolae_blade_bullseye],
          layout_loops_corners, serial_shops, shop
Elf:3:    elf_hall, layout_onion_city, serial_shops, freezing_bzr, minivault_20
Vaults:1: gammafunk_vaults_ghost_crypt, grunt_vaults_focal,
          nicolae_vaults_network_barrier, hangedman_vaults_trim, v_misc_23,
          v_misc_8, ontoclasm_vaults_chip, layout_vaults_omnigrid
Vaults:2: v_misc_24, v_misc_26, vaults_not_door_vault_mu,
          hangedman_vaults_restitches, v_alt_pattern_2, vaults_room_door_hall,
          v_misc_14, nicolae_vaults_asterisk, ontoclasm_vaults_loading_screen,
          minmay_crypt_entry_simple_round, hangedman_vaults_impose,
          v_alt_pattern_3, nicolae_vaults_mini_display_case,
          layout_vaults_big_room, uniq_mara
Vaults:3: nicolae_vaults_good_morning_starshine, v_alt_pattern_2, v_rooms_3,
          grunt_vaults_hallway_short, grunt_vaults_diagonal,
          nicolae_vaults_border_crossing, layout_vaults_omnicross, serial_shops,
          nicolae_lakefront_shop, uniq_margery
Vaults:4: st_lattice, v_misc_27, v_misc_4, nicolae_vaults_asterisk,
          hangedman_vaults_stagger, v_misc_29, v_misc_11, v_misc_18,
          nicolae_vaults_little_squares_2, nicolae_vaults_little_ls,
          nicolae_vaults_theta, layout_vaults_ring, serial_shops, shop,
          nicolae_shop_statue_plus, nicolae_lakefront_shop, nicolae_square_shop,
          nicolae_shop_waterfront, uniq_bai_suzhen, uniq_mennas
Vaults:5: uniq_sojobo
Depths:1: layout_gridlike, enter_ziggurat_e, hell_entry, serial_shops, shop,
          good_gods_mini_temple, minivault_12, firewood_loft, minmay_shoptagon,
          serial_bayou_shore_b
Depths:2: minmay_crystal_thing, layout_cave_pools, serial_shops,
          bzr_entry_lakeside, nicolae_kikubaaqudgha_miasma_corner, hell_entry,
          eat_drink_and_be_merry_uskayaw, minmay_staircase_bubble
Depths:3: minmay_the_grid_square_5x5_3x3 [minmay_the_grid_square_5x5_inner_z,
          minmay_the_grid_square_5x5_beaten_path,
          minmay_the_grid_square_5x5_slash, minmay_the_grid_square_5x5_z,
          minmay_the_grid_square_5x5_megaprize_hollow,
          minmay_the_grid_square_5x5_checkered, minmay_the_grid_square_5x5_plus,
          minmay_the_grid_square_5x5_fat_x,
          minmay_the_grid_square_5x5_intrusive_squares], layout_cave_pools,
          okawaru_gym_becter, serial_shops, shop, pf_hell_entry_great_geh,
          rand_demon_pan_entry_1, minmay_misc_feat_diagonals,
          infiniplex_staircase_zigzag_1
Depths:4: minmay_distorted_concentric_squares, layout_long_grid,
          abyss_entry_small_statue_room, elyvilon_altar_1, hell_entry
Depths:5: evilmike_zot_entry_round, layout_basic, hellmouth_3,
          rand_demon_pan_entry_8, gammafunk_ghost_grave,
          grunt_dithmenos_smoke_and_mirrors
Zot:1:    layout_concentric_octagons, uniq_tiamat
Zot:2:    layout_gridlike, gammafunk_ghost_cemetery, lemuel_lich_library
Zot:3:    layout_misc_corridors
Zot:4:    layout_misc_corridors
Zot:5:    layout_cellular_growth

Skill      XL: |  1  2  3  4  5  6  7  8  9 10 11 12 13 14 15 16 17 18 19 20 21 22 23 24 25 26 27 |
---------------+----------------------------------------------------------------------------------+-----
Shields        | 1 2 3 4 5 7 8 9 10 11 13 14 15 16 17 18 19 20 21 22 23 24 25 | 25.4
Fighting       | 4 5 6 7 9 10 11 12 13 14 15 16 17 18 19 20 21 22 23 24 25 | 25.4
Axes           | 4 5 6 7 9 10 11 12 14 15 16 17 18 | 18.0
Armour         | 3 4 5 6 7 8 9 11 12 13 14 15 16 17 18 19 20 21 22 23 24 25 | 25.4
Evocations     | 1 2 3 4 5 6 7 8 9 10 11 12 13 14 15 | 15.0
Dodging        | 3 4 5 6 8 9 10 11 12 13 14 15 16 17 19 20 21 22 23 24 | 24.6

Action                   |  1- 3 |  4- 6 |  7- 9 | 10-12 | 13-15 | 16-18 | 19-21 | 22-24 | 25-27 || total
-------------------------+-------+-------+-------+-------+-------+-------+-------+-------+-------++-------
Melee: Hand axe          |    37 |    61 |       |       |       |       |       |       |       ||    98
       Headbutt          |     4 |     8 |    41 |   108 |   149 |   337 |   357 |   466 |   384 ||  1854
       War axe           |       |     9 |   342 |   589 |   177 |       |       |       |       ||  1117
       Broad axe         |       |       |       |       |   489 |  1237 |   988 |  1183 |  1127 ||  5024
Invok: Berserk           |     1 |       |     3 |     4 |     2 |     1 |       |       |       ||    11
       Trog's Hand       |       |       |     3 |     6 |     8 |    32 |    37 |    44 |    33 ||   163
       Brothers in Arms  |       |       |       |     4 |     6 |    11 |     6 |     4 |       ||    31
Evoke: Wand              |       |     7 |     6 |    20 |    39 |    65 |     2 |    16 |       ||   155
       Lightning rod     |       |       |       |       |     4 |     4 |     4 |     6 |     8 ||    26
       Tin of tremorston |       |       |       |       |     1 |     6 |       |     1 |       ||     8
       Phantom mirror    |       |       |       |       |       |     2 |     1 |     1 |       ||     4
       Condenser vane    |       |       |       |       |       |     2 |     1 |     1 |     4 ||     8
  Use: Scroll            |       |     6 |    12 |    12 |    15 |    10 |    16 |    10 |    11 ||    92
       Potion            |       |       |       |     7 |     7 |     5 |     5 |     5 |    20 ||    49
 Stab: Paralysed         |       |       |       |       |    10 |     2 |       |       |       ||    12
       Distracted        |       |       |       |       |       |     3 |       |     2 |       ||     5
       Confused          |       |       |       |       |       |       |       |       |     1 ||     1
Armor: Animal skin       |     2 |       |       |       |       |       |       |       |       ||     2
       Ring mail         |     6 |    21 |   138 |       |       |       |       |       |       ||   165
       Plate armour      |       |       |    25 |   178 |       |   438 |   247 |   225 |   296 ||  1409
       Chain mail        |       |       |       |   104 |   221 |       |       |       |       ||   325
       Ice dragon scales |       |       |       |       |   111 |   135 |       |       |       ||   246
Dodge: Dodged            |    29 |    49 |   269 |   155 |   248 |   403 |   208 |   282 |   292 ||  1935
Block: Kite shield       |       |     4 |    81 |   576 |   677 |   879 |       |       |       ||  2217
       Reflection        |       |       |       |    17 |       |    39 |   110 |    84 |    36 ||   286
       Other             |       |       |       |       |     2 |       |       |       |       ||     2
       Tower shield      |       |       |       |       |       |   459 |  1091 |  1337 |  1293 ||  4180
